 Dungeon Crawl Stone Soup version 0.23.2-1-ga50397a (webtiles) character file.

Game seed: 7732373682537096726

63 woolyfrog the Ruffian (level 4, -2/34 (36) HPs)
             Began as a Ghoul Gladiator on Apr 13, 2019.
             Slain by a gnoll
             ... wielding a +0 halberd
              (7 damage)
             ... on level 2 of the Dungeon on Apr 18, 2019.
             The game lasted 00:08:20 (1482 turns).

woolyfrog the Ruffian (Ghoul Gladiator)             Turns: 1482, Time: 00:08:20

HP:   -2/34 (36)    AC:  4    Str: 18    XL:     4   Next: 9%
MP:   3/3           EV: 12    Int:  3    God:
Gold: 42            SH:  0    Dex: 10    Spells: 3/3 levels left

rFire    . . .     SeeInvis .     - Unarmed
rCold    + . .     Gourm    .   (no shield)
rNeg     + + +     Faith    .   a - +0 leather armour
rPois    ∞         Spirit   .   b - +0 helmet
rElec    .         Reflect  .   (no cloak)
rCorr    .         Harm     .   (no gloves)
MR       .....                  (no boots)
Stlth    +.........             (no amulet)
HPRegen  0.00/turn              (no ring)
MPRegen  0.08/turn              (no ring)

@: rotting
A: rotting body, claws 1, carnivore, cold resistance 1, negative energy
resistance 3, inhibited regeneration, torment resistance, unbreathing
a: no special abilities


You were on level 2 of the Dungeon.
You were not hungry.

You visited 1 branch of the dungeon, and saw 2 of its levels.

You collected 42 gold pieces.

Inventory:

Missiles
 c - 11 poisoned needles
 g - 25 sling bullets
 j - 91 stones (quivered)
 k - 6 curare-tipped needles
Armour
 a - a +0 leather armour (worn)
 b - a +0 helmet (worn)
Potions
 e - a potion of curing
 h - a potion of invisibility
 i - a potion of haste {unknown}
Comestibles
 d - a ration


   Skills:
 + Level 2.2 Fighting
 + Level 2.3 Throwing
 + Level 1.0 Armour
 + Level 3.1 Dodging
 + Level 0.4 Stealth
 + Level 4.2 Unarmed Combat


You had 3 spell levels left.
You didn't know any spells.
Your spell library was empty.

Dungeon Overview and Level Annotations

Branches:
Dungeon (2/15)

Altars:


Innate Abilities, Weirdness & Mutations

Your body is rotting away.
You thrive on raw meat.
You are immune to poison.
You have sharp fingernails.
You are carnivorous and can eat meat at any time.
Your flesh is cold resistant. (rC+)
You are immune to negative energy. (rN+++)
You do not regenerate when monsters are visible.
You are immune to unholy pain and torment.
You can survive without breathing.


Message History

The gnoll misses you.
You barely miss the gnoll.
The gnoll is severely wounded.
The gnoll barely misses you.
You closely miss the gnoll.
The gnoll is severely wounded.
You barely miss the gnoll.
The gnoll is severely wounded.
The gnoll hits you but does no damage.
You closely miss the gnoll.
The gnoll is severely wounded.
The gnoll hits you with a +0 halberd!
* * * LOW HITPOINT WARNING * * *
You scratch the gnoll but do no damage.
The gnoll is severely wounded.
The gnoll misses you.
You scratch the gnoll but do no damage. You claw the gnoll, but do no damage.
The gnoll is severely wounded.
The gnoll hits you with a +0 halberd!
You die...

#.# #........
.#.# .#.# #...
.#.# #..#####
.#.# #..#.#.#
.#.# #..#...#
.#.#
#..#.#.###g#.#
#..#.#...@.#.#
#..#.#######.#
#............#
#.##.#########
#.##.# #.##..
#.##### #..
#.#


You could see a gnoll.

Vanquished Creatures
  2 gnolls (D:2)
  An adder (D:2)
  A worm (D:2)
  A leopard gecko (D:1)
  2 ball pythons (D:1)
  2 giant cockroaches (D:1)
  4 goblins
  2 hobgoblins (D:1)
  A frilled lizard (D:1)
  4 kobolds
  11 rats
31 creatures vanquished.

Notes
Turn   | Place    | Note
-------+----------+-------------------------------------------
     0 | D:1      | woolyfrog the Ghoul Gladiator began the quest for the Orb.
     0 | D:1      | Reached XP level 1. HP: 17/17 MP: 0/0
   149 | D:1      | Reached XP level 2. HP: 23/23 MP: 1/1
   801 | D:1      | Reached XP level 3. HP: 21/29 MP: 2/2
  1221 | D:2      | Reached skill level 4 in Unarmed Combat
  1447 | D:2      | Upgraded the game from 0.23.2 to 0.23.2-1-ga50397a
  1472 | D:2      | Reached skill level 1 in Armour
  1472 | D:2      | Reached XP level 4. HP: 17/34 MP: 3/3
  1482 | D:2      | Slain by a gnoll

Skill      XL: |  1  2  3 |
---------------+----------+-----
Dodging        | 3 |  3.1
Throwing       | 2 |  2.3
Unarmed Combat | 4 |  4.2
Armour         | 1 |  1.0
Fighting       | |  2.2
Stealth        | |  0.4

Action                   |  1- 3 |  4- 6 || total
-------------------------+-------+-------++-------
Melee: Unarmed           |    87 |     9 ||    96
       Punch             |       |     1 ||     1
Throw: Throwing net      |    10 |       ||    10
       Stone             |    30 |       ||    30
  Use: Scroll            |     4 |       ||     4
 Stab: Held in net/web   |     1 |       ||     1
  Eat: Chunk             |     1 |       ||     1
       Ration            |     1 |       ||     1
Armor: Leather armour    |    17 |     1 ||    18
Dodge: Dodged            |    41 |     6 ||    47
